 Dungeon Crawl Stone Soup version 0.28-a0-245-g639a1a48b9 (webtiles) character file.

Game seed: 11141577027236648819

29 exoticroomba the Skirmisher (level 3, 0/33 HPs)
             Began as a Hill Orc Monk on Aug 25, 2021.
             Was a Believer of Okawaru.
             Slain by a worm (7 damage)
             ... on level 2 of the Dungeon.
             The game lasted 00:03:53 (948 turns).

exoticroomba the Skirmisher (Hill Orc Monk)          Turns: 948, Time: 00:03:54

Health: 0/33       AC:  2    Str: 13    XL:     3   Next: 16%
Magic:  0/3        EV: 12    Int: 11    God:    Okawaru [**....]
Gold:   37         SH:  0    Dex: 13    Spells: 2/2 levels left

rFire   . . .      SeeInvis .   a - +0 falchion
rCold   . . .      Faith    .   (no shield)
rNeg    . . .      Spirit   +   b - +0 robe
rPois   .          Reflect  .   (no helmet)
rElec   .          Harm     .   (no cloak)
rCorr   .          Rampage  .   (no gloves)
Will    .....                   (no boots)
Stlth   ++........              h - amulet of guardian spirit
HPRegen 0.11/turn               (no ring)
MPRegen 0.08/turn               (no ring)

@: no status effects
A: no striking features
a: Renounce Religion, Heroism


You were on level 2 of the Dungeon.
You worshipped Okawaru.
Okawaru was pleased with you.
You visited 1 branch of the dungeon, and saw 2 of its levels.

You collected 37 gold pieces.

Inventory:

Hand Weapons
 a - a +0 falchion (weapon)
Missiles
 e - 12 poisoned darts (quivered)
Armour
 b - a +0 robe (worn)
Jewellery
 h - an amulet of guardian spirit (around neck)
Scrolls
 d - a scroll of identify {unknown}
 f - a scroll of blinking {unknown}
Potions
 c - 2 potions of curing {unknown}
 g - a potion of flight {unknown}


   Skills:
 + Level 4.1 Fighting
 + Level 3.8 Long Blades
 + Level 2.7 Dodging
 + Level 1.7 Stealth


You had 2 spell levels left.
You didn't know any spells.
Your spell library was empty.

Dungeon Overview and Level Annotations

Branches:
Dungeon (2/15)

Altars:
Okawaru


Message History

A goblin is nearby!
A worm comes into view.
Found a stone staircase leading down.
The worm bites you.
You hit the worm.
The worm is lightly wounded.
The goblin hits you with a +0 dagger.
You hit the worm.
The worm is lightly wounded.
The worm bites you. The goblin completely misses you.
You hit the worm but do no damage.
The worm is lightly wounded.
The goblin hits you with a +0 dagger. The worm barely misses you.
You hit the worm but do no damage.
The worm is lightly wounded.
The goblin closely misses you.
You barely miss the worm.
The worm is lightly wounded.
The goblin barely misses you. The worm bites you!
You hit the worm.
The worm is lightly wounded.
The goblin hits you with a +0 dagger. The worm misses you.
You hit the worm.
The worm is moderately wounded.
The goblin misses you.
You hit the worm but do no damage.
The worm is moderately wounded.
The goblin barely misses you. The worm bites you.
You hit the worm but do no damage.
The worm is lightly wounded.
The goblin hits you with a +0 dagger. The worm bites you.
The goblin completely misses you.
You hit the worm.
The worm is moderately wounded.
The goblin hits you with a +0 dagger.
* * * LOW HITPOINT WARNING * * *
You hit the worm but do no damage.
The worm is moderately wounded.
The worm bites you!
You die...

#.#####......#
#............# #^.#
#.........######..>##
#......#+###.........
#......#.###.........
#......'...#.........
#......###.#.........
#......# #.#w........
#......# #..@g..)#
#......# #########
#......# #......#
########


You could see a worm and a goblin.

Vanquished Creatures
  3 dart slugs
  A ball python (D:2)
  3 endoplasms
  7 goblins
  A hobgoblin (D:2)
  2 kobolds (D:1)
  A quokka (D:1)
  2 frilled lizards (D:2)
20 creatures vanquished.

Vanquished Creatures (others)
  A fungus (D:2)
  4 plants (D:2)
5 creatures vanquished.

Grand Total: 25 creatures vanquished

Notes
Turn   | Place    | Note
-------+----------+-------------------------------------------
     0 | D:1      | exoticroomba the Hill Orc Monk began the quest for the Orb.
     0 | D:1      | Reached XP level 1. HP: 19/19 MP: 1/1
   270 | D:1      | Reached XP level 2. HP: 26/27 MP: 2/2
   285 | D:1      | Reached skill level 4 in Fighting
   546 | D:2      | Found a faded altar of an unknown god.
   612 | D:2      | Became a worshipper of Warmaster Okawaru
   612 | D:2      | Reached * piety under Okawaru
   612 | D:2      | Reached ** piety under Okawaru
   647 | D:2      | Reached XP level 3. HP: 29/33 MP: 3/3
   948 | D:2      | Slain by a worm

Illustrated notes

Levels and vault maps discovered:
D:1:      shiori_arrival_oz, layout_loops_ring
D:2:      layout_basic, shapermc_ecumenical_altar_mp_urbaneastern,
          lemuel_another_geyser

Skill      XL: |  1  2 |
---------------+-------+-----
Fighting       | 4 |  4.1
Long Blades    | |  3.8
Dodging        | |  2.7
Stealth        | |  1.7

Action                   || total
-------------------------++-------
Melee: Falchion          ||    84
 Stab: Sleeping          ||     1
Armor: Robe              ||    11
Dodge: Dodged            ||    44
       Rpst.: Falchion   ||    13

Table legend: (Time is in decaauts)
 A = Elapsed time spent in this place.
 B = Non-inter-level travel time spent in this place.
 C = Inter-level travel time spent in this place.
 D = Time resting spent in this place.
 E = Time spent auto-exploring this place.
 F = Levels seen in this place.
 G = Mean time per level.
                   A        B        C        D        E       F      G
               +--------+--------+--------+--------+--------+-----+--------+
         Total |    957 |    957 |      0 |    339 |      0 |   2 |  478.5 |
       Dungeon |    957 |    957 |      0 |    339 |      0 |   2 |  478.5 |
               +--------+--------+--------+--------+--------+-----+--------+

Top non-repeatable levels by time:
     D:1: 495 daAuts
     D:2: 462 daAuts
